 Seeded DCSS version 0.29.1-1-gd02db6906a (webtiles) character file.

Game seed: 7648899361455074779 (custom seed)

4804 Sanktem7 the Fighter (level 10, -3/101 HPs)
             Began as a Minotaur Fighter on Oct 2, 2022.
             Was a Believer of Trog.
             Slain by a yak (9 damage)
             ... on level 10 of the Dungeon.
             The game lasted 00:12:57 (8885 turns).

Sanktem7 the Fighter (Minotaur Fighter)             Turns: 8885, Time: 00:12:57

Health: -3/101     AC: 12    Str: 26    XL:     10   Next: 24%
Magic:  9/9        EV:  6    Int:  5    God:    Trog [**....]
Gold:   547        SH: 13    Dex:  9    Spells: 9/9 levels left

rFire   + . .      SeeInvis .   a - +2 flail (elec) {mace}
rCold   . . .      Faith    .   q - +0 kite shield
rNeg    . . .      Spirit   .   r - +0 chain mail
rPois   .          Reflect  +   (helmet restricted)
rElec   .          Harm     .   t - +2 cloak
rCorr   +          Rampage  .   (no gloves)
Will    .....                   (no boots)
Stlth   ..........              k - amulet of reflection
HPRegen 0.26/turn               D - ring of Woxtysub {rF+ Slay+2 Stlth+}
MPRegen 0.11/turn               m - ring of resist corrosion

@: no status effects
A: horns 2, retaliatory headbutt
a: Renounce Religion, Berserk, Trog's Hand


You were on level 10 of the Dungeon.
You worshipped Trog.
Trog was pleased with you.
You visited 2 branches of the dungeon, and saw 11 of its levels.
You also visited: Sewer.

You collected 547 gold pieces.


Innate Abilities, Weirdness & Mutations

You have a pair of horns on your head.
You reflexively headbutt those who attack you in melee.


   Skills:
 * Level 13.1 Fighting
 * Level 12.9 Maces & Flails
 - Level 3.6 Armour
 - Level 3.6 Shields


You had 9 spell levels left.
You didn't know any spells.
Your spell library contained the following spells:

 Spells                   Type           Power      Damage    Failure   Level
 Magic Dart               Conj           0%         1d3       100%        1
 Shock                    Conj/Air       0%         1d3       100%        1
 Ensorcelled Hibernation  Hex/Ice        0%         N/A       100%        2
 Searing Ray              Conj           0%         2d4       100%        2
 Sublimation of Blood     Necr           0%         N/A       100%        2
 Spider Form              Tmut/Pois      0%         N/A       100%        3
 Swiftness                Air            0%         N/A       100%        3
 Airstrike                Air            0%         2d(0-16)  100%        4
 Anguish                  Hex/Necr       0%         N/A       100%        4
 Animate Armour           Summ/Erth      0%         N/A       100%        4
 Fulminant Prism          Conj/Hex       0%         3d6       100%        4
 Petrify                  Tmut/Erth      0%         N/A       100%        4
 Blade Hands              Tmut           0%         N/A       100%        5
 Fireball                 Conj/Fire      0%         3d3       100%        5
 Irradiate                Conj/Tmut      0%         3d11      100%        5
 Iskenderun's Battlesphe  Conj           0%         2d6       100%        5
 Conjure Ball Lightning   Conj/Air       0%         3x3d6     100%        6
 Iron Shot                Conj/Erth      0%         9d1       100%        6
 Orb of Destruction       Conj           0%         9d5       100%        7

Inventory:

Hand Weapons
 a - a +2 flail of electrocution (weapon) {mace}
Missiles
 b - 11 boomerangs {throwing}
 g - 73 stones (quivered) {throwing}
 n - 9 silver boomerangs {throwing}
 p - 3 silver javelins {throwing}
 v - 12 poisoned darts {throwing}
 E - a curare-tipped dart {=fthrowing}
Armour
 q - a +0 kite shield (worn)
   (You found it on level 2 of the Dungeon)
 r - a +0 chain mail (worn)
   (You found it on level 2 of the Dungeon)
 t - a +2 cloak (worn)
   (You took it off Crazy Yiuf on level 2 of the Dungeon)
Jewellery
 c - a ring of positive energy
   (You found it on level 5 of the Dungeon)
 i - a +6 ring of dexterity
   (You found it on level 1 of the Dungeon)
 k - an amulet of reflection (around neck)
   (You found it on level 3 of the Dungeon)
 m - a ring of resist corrosion (right hand)
   (You took it off a goblin on level 2 of the Dungeon)
 D - the ring of Woxtysub (left hand) {rF+ Slay+2 Stlth+}
   (You acquired it on level 8 of the Dungeon)

   [ring of protection from fire]

   Slay:      It affects your accuracy & damage with ranged weapons and melee
   (+2).
   rF:        It protects you from fire.
   Stlth:     It makes you more stealthy.
Wands
 K - a wand of roots (4)
   (You found it on level 8 of the Dungeon)
Scrolls
 e - 3 scrolls of identify {@r1}
 h - a scroll of poison {!r}
 w - a scroll of summoning
 y - a scroll of vulnerability {!r!r}
 z - 2 scrolls of teleportation {@r4}
 A - a scroll of fear
 B - a scroll of blinking {!r}
 H - a scroll of butterflies
Potions
 d - 3 potions of might
 f - a potion of ambrosia {unknown}
 j - 4 potions of curing {@q1}
 l - 2 potions of lignification {unknown}
 o - a potion of invisibility {unknown}
 s - a potion of brilliance {unknown}
 u - 2 potions of attraction {unknown}
 x - 4 potions of heal wounds {unknown}
 C - a potion of resistance {unknown}
 F - 2 potions of berserk rage {unknown}
 G - 2 potions of mutation {unknown}
 I - a potion of flight {unknown}
 J - 2 potions of haste {unknown}
 L - a potion of degeneration {unknown}

Dungeon Overview and Level Annotations

Branches:
Dungeon (10/15) Zot: 26985  Temple (1/1) D:5 Zot: 5947   Sewer (visited)
   Lair: D:8-11         Orc: D:9-12

Altars:
Cheibriados
Dithmenos
Elyvilon
Fedhas
Hepliaklqana
Kikubaaqudgha
Makhleb
Nemelex Xobeh
Okawaru
Qazlal
Ru
Sif Muna
Trog
Uskayaw
Vehumet
Wu Jian
Xom
Yredelemnul
Zin

Portals:
Abyss: D:5

Annotations:
D:5 2 transporters, Godmorgon's ghost, novice DjIE
D:8 6 runed translucent doors, XxsatanxX's ghost, novice MiBe; sleeves's ghost, novice MeFi
Temple 2 transporters

........#
........#
........#
........#
........#
........#
......YY#
......Y@#
#+#######


You could see 3 yaks.


Message History

You take 2 damage, and now have 87/91 hp.
You sock the steam dragon!
You kill the steam dragon!
Trog accepts your kill.
You have reached level 10! 😕 HP[+9] MP[+1]
You now have 100 max hp (+9).
You regained 9 hp, and now have 96/100 hp.
Your mp is fully restored (9).
Found a stone staircase leading down. 😎 HP[+4]
Your hp is fully restored (100).
e - 3 scrolls of identify {@r1} (gained 1)
A two-headed ogre comes into view. It is wielding two +0 giant clubs.
The two-headed ogre shouts in stereo!
You hear a shout! x5
A troll comes into view.
The two-headed ogre barely misses you.
The two-headed ogre hits you with a +0 giant club!
There is a stone staircase leading down here. 😕 HP[-15]
You take 15 damage, and now have 85/100 hp.
There are monsters nearby!
You thump the two-headed ogre! The two-headed ogre barely misses you.
The two-headed ogre hits you with a +0 giant club! 😮 HP[-14]
You take 14 damage, and now have 71/100 hp.
You sock the two-headed ogre!
Lightning courses through the two-headed ogre!
An orc priest comes into view. It is wielding a +0 mace.
You hit the two-headed ogre. You headbutt the two-headed ogre!
The two-headed ogre hits you with a +0 giant club!!
* * * LOW HITPOINT WARNING * * *
You block the two-headed ogre's attack.
The orc priest invokes the aid of Beogh against you.
Beogh smites you!
* * * LOW HITPOINT WARNING * * *
😨 HP[-40]
You take 40 damage, and now have 31/100 hp.
MASSIVE DAMAGE!! (PAUSE)
You can't go up here!
You block the two-headed ogre's attack. x2
You climb downwards.
The yak bellows! x4
There is a stone staircase leading up here.
You sock the two-headed ogre!
You kill the two-headed ogre!
Trog accepts your kill.
Your Fighting skill increases to level 13! 😨 HP[+1]
You now have 101 max hp (+1).
You hit the yak but do no damage. Lightning courses through the yak!
You block the yak's attack.
You sock the yak!
The yak gores you but does no damage. x2 😨 HP[+1]
You barely miss the yak. Your headbutt misses the yak. The yak gores you.
* * * LOW HITPOINT WARNING * * *
The yak gores you but does no damage. 😨 HP[-3]
You take 3 damage, and now have 30/101 hp.
You sock the yak!
The yak gores you but does no damage. x2
The yak closely misses you. You furiously retaliate!
You headbutt the yak! You hit the yak. The yak gores you but does no damage.
You block the yak's attack. The yak barely misses you. You furiously retaliate!
You headbutt the yak. You hit the yak but do no damage.
You block the yak's attack. The yak gores you.
* * * LOW HITPOINT WARNING * * *
The yak gores you but does no damage. 😨 HP[-1]
You take 1 damage, and now have 29/101 hp.
You sock the yak!
You kill the yak!
Trog accepts your kill. You block the yak's attack. x2
You hit the yak. The yak gores you but does no damage. The yak gores you!
* * * LOW HITPOINT WARNING * * *
You block the yak's attack. 😱 HP[-9]
You take 9 damage, and now have 20/101 hp.
You barely miss the yak.
The yak gores you but does no damage. x2
The yak barely misses you.
You sock the yak! You headbutt the yak! The yak barely misses you.
You block the yak's attack. The yak gores you.
* * * LOW HITPOINT WARNING * * *
😱 HP[-1]
You take 1 damage, and now have 19/101 hp.
You completely miss the yak. You block the yak's attack. x3 😱 HP[+1]
You hit the yak. You thump the yak!
You kill the yak!
Trog accepts your kill. You block the yak's attack. The yak gores you.
* * * LOW HITPOINT WARNING * * *
😱 HP[-5]
You take 5 damage, and now have 15/101 hp.
You sock the yak! Lightning courses through the yak! The yak gores you!
* * * LOW HITPOINT WARNING * * *
The yak gores you but does no damage. The yak gores you!
You die...

Skill      XL: |  1  2  3  4  5  6  7  8  9 10 |
---------------+-------------------------------+-----
Fighting       | 4 5 6 7 9 10 12 13 | 13.1
Maces & Flails | 3 4 5 6 8 10 12 | 12.9
Armour         | |  3.6
Shields        | |  3.6

Action                   |  1- 3 |  4- 6 |  7- 9 | 10-12 || total
-------------------------+-------+-------+-------+-------++-------
Melee: Flail             |   112 |    99 |   282 |    18 ||   511
       Headbutt          |    13 |    17 |    36 |     2 ||    68
  Use: Scroll            |       |    11 |     6 |       ||    17
Armor: Scale mail        |    60 |       |       |       ||    60
       Chain mail        |     5 |    33 |   115 |    11 ||   164
Dodge: Dodged            |    65 |    28 |    51 |     6 ||   150
Block: Buckler           |    29 |       |       |       ||    29
       Kite shield       |     5 |    72 |   213 |    14 ||   304
       Reflection        |       |       |     9 |       ||     9

Levels and vault maps discovered:
D:1:      psy_arrival_basics, layout_rooms
D:2:      cheibrodos_old_hovel, layout_loops_ring, st_stairs_5,
          uniq_crazy_yiuf_cottage
D:3:      layout_loops_corners, portal_sewer_entry_c, nrook_campfire,
          kennysheep_cluttered_room, uniq_sigmund
D:4:      layout_gridville, mainiacjoe_overflow_six_doors_small, grunt_decor_cap
D:5:      layout_basic, mainiacjoe_overflow_concentric_impassable,
          nicolae_uskayaw_murder_on_the_dancefloor, temple_fountains,
          gammafunk_ghost_abyssal_escape, nrook_loot_triangle, corexii_shack,
          uniq_pikel
D:6:      layout_loops_corners, elyvilon_altar_1, lemuel_crystal_altar,
          minmay_misc_feat_tiny, hex_medium
D:7:      layout_loops_ring, lightli_minifort
D:8:      layout_cave_pools, nicolae_yredelemnul_ghost_church,
          gammafunk_ghost_hydra_chop, minmay_puff
D:9:      layout_loops_ring, overflow_temple_1_default,
          hellmonk_guarded_unrand_staff_of_battle
D:10:     layout_roguey, nicolae_kite_square_tiling_tiny, kennysheep_diamond,
          uniq_grum, uniq_amaemon
Temple:   hellmonk_temple_divided_pantheon

Notes
Turn   | Place    | Note
-------+----------+-------------------------------------------
     0 | D:1      | Sanktem7 the Minotaur Fighter began the quest for the Orb.
     0 | D:1      | Reached XP level 1. HP: 19/19 MP: 0/0
     0 | D:1      | magus.rc [v1.9.6]
    79 | D:1      | Reached skill level 4 in Fighting
    79 | D:1      | Reached XP level 2. HP: 16/27 MP: 1/1
   250 | D:1      | Reached skill level 3 in Maces & Flails
   765 | D:2      | Reached XP level 3. HP: 33/34 MP: 2/2
   895 | D:2      | Identified the +5 spear "Bistinel" {drain, rElec}
  1050 | D:2      | You pick up a book of Iron and begin reading...
  1050 | D:2      | You add the spells Animate Armour, Blade Hands and Iron
                  | Shot to your library.
  1457 | D:2      | Reached skill level 4 in Maces & Flails
  1550 | D:2      | Found a runed translucent door.
  1551 | D:2      | Noticed Crazy Yiuf
  1739 | D:2      | Killed Crazy Yiuf
  1740 | D:2      | Reached skill level 5 in Fighting
  1740 | D:2      | Reached XP level 4. HP: 42/42 MP: 3/3
  1857 | D:3      | Noticed Sigmund
  1862 | D:3      | Killed Sigmund
  1863 | D:3      | Reached skill level 6 in Fighting
  1863 | D:3      | Reached skill level 5 in Maces & Flails
  1863 | D:3      | Reached XP level 5. HP: 35/50 MP: 4/4
  1908 | D:3      | Found a glowing drain.
  1940 | D:3      | Reached XP level 6. HP: 48/57 MP: 5/5
  1953 | Sewer    | Entered a sewer
  2045 | Sewer    | Noticed a water moccasin
  2057 | Sewer    | Killed a water moccasin
  2058 | Sewer    | Reached skill level 6 in Maces & Flails
  2212 | Sewer    | You pick up a book of the Spheres and begin reading...
  2212 | Sewer    | You add the spells Iskenderun's Battlesphere, Fireball,
                  | Conjure Ball Lightning and Orb of Destruction to your
                  | library.
  3355 | D:4      | Reached skill level 7 in Fighting
  3704 | D:4      | Found a shimmering blue altar of Sif Muna.
  4002 | D:5      | Entered Level 5 of the Dungeon
  4030 | D:5      | Reached XP level 7. HP: 58/66 MP: 6/6
  4036 | D:5      | Reached skill level 7 in Maces & Flails
  4088 | D:5      | Found a staircase to the Ecumenical Temple.
  4094 | D:5      | Noticed Pikel
  4098 | Temple   | Entered the Ecumenical Temple
  4098 | Temple   | Found a transporter.
  4098 | Temple   | Found a transporter.
  4100 | Temple   | Found a transporter.
  4100 | Temple   | Found a transporter.
  4120 | Temple   | Became a worshipper of Trog the Wrathful
  4144 | Temple   | Killed Pikel
  4145 | Temple   | Reached skill level 9 in Fighting
  4145 | Temple   | Reached skill level 8 in Maces & Flails
  4145 | Temple   | Reached XP level 8. HP: 68/78 MP: 7/7
  4221 | D:5      | Found a transporter.
  4228 | D:5      | Found an iron altar of Okawaru.
  4284 | D:5      | Reached skill level 9 in Maces & Flails
  4310 | D:5      | Noticed Godmorgon's ghost (novice DjIE)
  4319 | D:5      | Found a one-way gate to the infinite horrors of the Abyss.
  4323 | D:5      | Found a transporter.
  4553 | D:5      | Found a hide-covered altar of Uskayaw.
  4722 | D:6      | Reached skill level 10 in Fighting
  5350 | D:6      | Reached skill level 10 in Maces & Flails
  5399 | D:6      | Found a white marble altar of Elyvilon.
  5452 | D:6      | Reached * piety under Trog
  5523 | D:6      | Found a hazy altar of Hepliaklqana.
  5595 | D:6      | Reached XP level 9. HP: 83/86 MP: 8/8
  5982 | D:7      | Reached skill level 11 in Fighting
  6174 | D:7      | Reached skill level 11 in Maces & Flails
  6413 | D:7      | You pick up a book of Air {forbidden} and begin reading...
  6413 | D:7      | You add the spells Shock, Swiftness and Airstrike to your
                  | library.
  6826 | D:7      | You pick up a book of Dreams {forbidden} and begin
                  | reading...
  6826 | D:7      | You add the spells Ensorcelled Hibernation, Spider Form and
                  | Anguish to your library.
  7294 | D:8      | Reached ** piety under Trog
  7338 | D:8      | Reached skill level 12 in Fighting
  7541 | D:8      | Found a runed translucent gate.
  7541 | D:8      | Found a runed translucent gate.
  7546 | D:8      | Found a runed translucent gate.
  7546 | D:8      | Noticed an 11-headed hydra
  7546 | D:8      | Noticed a ten-headed hydra
  7547 | D:8      | Noticed XxsatanxX's ghost (novice MiBe)
  7655 | D:8      | Found a runed translucent gate.
  7655 | D:8      | Found a runed translucent gate.
  7655 | D:8      | Found a runed translucent gate.
  7655 | D:8      | Noticed sleeves's ghost (novice MeFi)
  7657 | D:8      | Found a basalt altar of Yredelemnul.
  7729 | D:8      | Reached skill level 12 in Maces & Flails
  7962 | D:8      | You pick up a book of Conjurations {forbidden@e2} and begin
                  | reading...
  7962 | D:8      | You add the spells Magic Dart, Searing Ray and Fulminant
                  | Prism to your library.
  8010 | D:8      | HP: 22/91 [poisoned by a killer bee]
  8089 | D:8      | HP: 18/91 [orc warrior/+1 vorpal hand axe (9)]
  8646 | D:8      | Identified a scroll of acquirement
  8646 | D:8      | Acquired the ring of Woxtysub {rF+ Slay+2 Stlth+}
  8805 | D:9      | You pick up a book of Alchemy {forbidden} and begin
                  | reading...
  8805 | D:9      | You add the spells Sublimation of Blood, Petrify and
                  | Irradiate to your library.
  8821 | D:9      | Reached XP level 10. HP: 96/100 MP: 9/9
  8864 | D:9      | Noticed a two-headed ogre
  8870 | D:10     | Entered Level 10 of the Dungeon
  8871 | D:10     | Killed a two-headed ogre
  8872 | D:10     | Reached skill level 13 in Fighting
  8879 | D:10     | HP: 20/101 [yak (9)]
  8884 | D:10     | HP: 15/101 [yak (5)]
  8885 | D:10     | HP: 6/101 [yak (9)]
  8885 | D:10     | Slain by a yak

Vanquished Creatures
  A two-headed ogre (D:10)
  Pikel (Temple)
  Sigmund (D:3)
  A wyvern (D:7)
  2 yaks (D:10)
  2 steam dragons
  2 water moccasins
  5 orc warriors
  A sky beast (D:7)
  An ice beast (D:5)
  A black bear (D:6)
  A centaur (D:5)
  2 ogres
  2 phantoms
  2 kobold brigands (D:8)
  2 bullfrogs
  A necrophage (D:5)
  A scorpion (D:7)
  3 killer bees (D:8)
  An electric eel (D:7)
  6 hounds
  A centaur zombie (D:8)
  A jelly (D:8)
  8 orc priests
  Crazy Yiuf (D:2)
  4 iguanas
  4 orc wizards
  A killer bee zombie (D:8)
  3 adders
  A river rat (D:3)
  7 gnolls
  3 white imps
  An ufetubus (D:4)
  2 worms
  4 dart slugs
  36 orcs
  6 bats
  10 endoplasms
  8 giant cockroaches
  5 goblins
  5 hobgoblins
  4 jackals
  3 quokkas
  5 ball pythons
  4 frilled lizards
  10 kobolds
  8 rats
184 creatures vanquished.

Vanquished Creatures (others)
  4 plants
4 creatures vanquished.

Grand Total: 188 creatures vanquished

Table legend:
 A = Non-vault XP
 B = Vault XP
 C = Vault XP percentage of total XP
 D = Non-vault monster count
 E = Vault monster count
 F = Vault count percentage of total count
                 A         B        C        D         E       F
            +---------+---------+-------+---------+---------+-------
      Total |    5363 |    1500 |  21.9 |     157 |      27 |  14.7
            +---------+---------+-------+---------+---------+-------
        D:1 |      33 |       0 |   0.0 |      17 |       0 |   0.0
        D:2 |      44 |      48 |  52.2 |      24 |       5 |  17.2
        D:3 |      67 |     237 |  78.0 |      10 |       8 |  44.4
        D:4 |      95 |       0 |   0.0 |      18 |       0 |   0.0
        D:5 |     647 |       3 |   0.5 |      15 |       1 |   6.2
        D:6 |    1027 |       0 |   0.0 |      28 |       0 |   0.0
        D:7 |     768 |     181 |  19.1 |      11 |       5 |  31.2
        D:8 |    1140 |     221 |  16.2 |      29 |       5 |  14.7
        D:9 |     199 |       0 |   0.0 |       1 |       0 |   0.0
       D:10 |    1234 |       0 |   0.0 |       3 |       0 |   0.0
     Temple |     109 |     663 |  85.9 |       1 |       1 |  50.0
      Sewer |       0 |     147 | 100.0 |       0 |       2 | 100.0
            +---------+---------+-------+---------+---------+-------

Illustrated notes

Table legend:
 A = Kills in this place as a percentage of kills in entire the game.
 B = Kills by you in this place as a percentage of kills by you in the entire game.
 C = Kills by friends in this place as a percentage of kills by friends in the entire game.
 D = Other kills in this place as a percentage of other kills in the entire game.
 E = Experience gained in this place as a percentage of experience gained in the entire game.
 F = Experience gained in this place divided by the number of levels of this place that you have seen.
                   A       B       C       D       E      F
               +-------+-------+-------+-------+-------+----------------------
         Total | 100.0 | 100.0 |   N/A |   N/A | 100.0 | 571.9
       Dungeon |  97.8 |  97.8 |   N/A |   N/A |  86.6 | 594.4
        Temple |   1.1 |   1.1 |   N/A |   N/A |  11.2 | 772.0
         Sewer |   1.1 |   1.1 |   N/A |   N/A |   2.1 | 147.0
               +-------+-------+-------+-------+-------+----------------------

Table legend: (Time is in decaauts)
 A = Elapsed time spent in this place.
 B = Non-inter-level travel time spent in this place.
 C = Inter-level travel time spent in this place.
 D = Time resting spent in this place.
 E = Time spent auto-exploring this place.
 F = Levels seen in this place.
 G = Mean time per level.
                   A        B        C        D        E       F      G
               +--------+--------+--------+--------+--------+-----+--------+
         Total |   8966 |   8694 |    272 |    349 |   6948 |  12 |  747.2 |
       Dungeon |   8611 |   8339 |    272 |    349 |   6686 |  10 |  861.1 |
        Temple |     52 |     52 |      0 |      0 |      0 |   1 |   52.0 |
         Sewer |    302 |    302 |      0 |      0 |    262 |   1 |  302.0 |
               +--------+--------+--------+--------+--------+-----+--------+

Top non-repeatable levels by time:
     D:8: 1418 daAuts
     D:7: 1358 daAuts
     D:6: 1229 daAuts
     D:2: 1126 daAuts
     D:3: 1068 daAuts
     D:4: 865 daAuts
     D:1: 705 daAuts
     D:5: 636 daAuts
   Sewer: 302 daAuts
     D:9: 190 daAuts
  Temple: 52 daAuts
    D:10: 13 daAuts
